 Dungeon Crawl Stone Soup version 0.29-a0-973-gac7da5f7f0 (webtiles) character file.

Game seed: 16207037630841130754

1393 vurker the Insei (level 8, -2/42 HPs)
             Began as a Vine Stalker Enchanter on July 31, 2022.
             Was a Follower of Makhleb.
             Slain by a five-headed hydra (10 damage)
             ... on level 7 of the Dungeon.
             The game lasted 00:09:34 (5425 turns).

vurker the Insei (Vine Stalker Enchanter)           Turns: 5425, Time: 00:09:34

Health: -2/42      AC: 13    Str: 23    XL:     8   Next: 68%
Magic:  0/12       EV: 10    Int: 15    God:    Makhleb [*.....]
Gold:   1024       SH:  9    Dex: 16    Spells: 11/11 levels left

rFire   . . .      SeeInvis .     - Unarmed
rCold   + . .      Faith    .   M - +0 kite shield
rNeg    . . .      Spirit   +   j - +3 ring mail "Emauh" {rElec Str+5}
rPois   .          Reflect  .   H - +0 helmet
rElec   +          Harm     .   (no cloak)
rCorr   .          Rampage  .   o - +2 pair of gloves
Will    ++...                   v - +0 pair of boots
Stlth   ++++......              d - amulet "Vofuxaif" {Will+ Regen+ Str+6}
HPRegen 1.74/turn               w - ring of protection from cold
MPRegen 0.13/turn               E - ring of Shadows {Umbra +Inv Stlth+}

@: wreathed by umbra, studying Maces & Flails
A: fangs 3, regeneration 1, magic shield, antimagic bite, no potion heal 2
a: Renounce Religion, Evoke Invisibility


You were on level 7 of the Dungeon.
You worshipped Makhleb.
Makhleb was aware of your devotion.
You visited 2 branches of the dungeon, and saw 8 of its levels.

You collected 1024 gold pieces.

Inventory:

Hand Weapons
 a - a +1 dagger of electrocution
   (You took it off Jessica on level 2 of the Dungeon)
Missiles
 p - a throwing net (quivered)
Armour
 j - the +3 ring mail "Emauh" (worn) {rElec Str+5}
   (You found it on level 2 of the Dungeon)

   Str:       It affects your strength (+5).
   rElec:     It insulates you from electricity.
 o - a +2 pair of gloves (worn)
   (You found it on level 2 of the Dungeon)
 v - a +0 pair of boots (worn)
   (You found it on level 3 of the Dungeon)
 H - a +0 helmet (worn)
   (You found it on level 3 of the Dungeon)
 M - a +0 kite shield (worn)
   (You found it on level 6 of the Dungeon)
Jewellery
 d - the amulet "Vofuxaif" (around neck) {Will+ Regen+ Str+6}
   (You acquired it on level 4 of the Dungeon)

   [amulet of regeneration]

   Str:       It affects your strength (+6).
   Regen:     It increases your rate of health regeneration.
   Will:      It increases your willpower.
 w - a ring of protection from cold (left hand)
   (You found it on level 3 of the Dungeon)
 E - the ring of Shadows (right hand) {Umbra +Inv Stlth+}
   (You found it on level 5 of the Dungeon)

   [ring of stealth]

   It surrounds you with an aura of shadow, increasing your stealth and reducing
   the accuracy of all others within it.
   +Inv:      It lets you turn invisible.
   Stlth:     It makes you more stealthy.
 I - a ring of ice
   (You found it on level 6 of the Dungeon)
Wands
 t - a wand of flame (21)
   (You found it on level 4 of the Dungeon)
 u - a wand of paralysis (9)
   (You found it on level 6 of the Dungeon)
 A - a wand of roots (13)
   (You found it on level 3 of the Dungeon)
 G - a wand of mindburst (10)
   (You found it on level 5 of the Dungeon)
Scrolls
 f - a scroll of enchant armour {unknown}
 h - 4 scrolls of teleportation
 l - 3 scrolls of vulnerability {unknown}
 r - 3 scrolls of summoning {unknown}
 x - 2 scrolls of torment {unknown}
 y - a scroll of magic mapping {unknown}
 B - a scroll of fog {unknown}
 D - a scroll of amnesia {unknown}
 L - a scroll of immolation {unknown}
Potions
 b - 5 potions of might
 c - 2 potions of invisibility
 e - 5 potions of haste
 g - 8 potions of curing
 i - a potion of ambrosia
 k - a potion of berserk rage
 m - a potion of brilliance
 n - 3 potions of cancellation
 s - a potion of flight
 z - 2 potions of heal wounds
 C - a potion of magic
 F - 2 potions of lignification
 J - a potion of mutation {unknown}
 K - a potion of resistance {unknown}


   Skills:
 + Level 3.8 Fighting
 - Level 0.8 Short Blades
 + Level 2.5 Armour
 + Level 3.2 Dodging
 - Level 3.6 Stealth
 + Level 2.7 Shields
 * Level 6.3 Unarmed Combat
 - Level 2.1 Spellcasting
 - Level 3.0 Hexes
 + Level 2.9 Invocations


You had 11 spell levels left.
You didn't know any spells.
Your spell library contained the following spells:

 Spells                   Type           Power      Damage    Failure   Level
 Ensorcelled Hibernation  Hex/Ice        12%        N/A       65%         2
 Confusing Touch          Hex            10%        N/A       67%         3
 Tukima's Dance           Hex            10%        N/A       67%         3
 Sandblast                Erth           2%         2d4       73%         1
 Passwall                 Tmut/Erth      0%         N/A       86%         2
 Dazzling Flash           Conj/Hex       12%        N/A       87%         3
 Inner Flame              Hex/Fire       6%         N/A       87%         3
 Stone Arrow              Conj/Erth      2%         3d7       97%         3
 Cause Fear               Hex            5%         N/A       97%         4
 Discord                  Hex            5%         N/A       100%        8


Dungeon Overview and Level Annotations

Branches:
Dungeon (7/15)             Temple (1/1) D:4

Altars:
Ashenzari
Cheibriados
Dithmenos
Elyvilon
Gozag
Kikubaaqudgha
Makhleb
Nemelex Xobeh
Okawaru
Qazlal
Ru
Sif Muna
Trog
Uskayaw
Vehumet
Wu Jian
Xom
Yredelemnul
Zin
The Shining One

Shops:
D:2 *

Annotations:
D:5 3 runed translucent doors, t4s4d4r's ghost, novice MeTm


Innate Abilities, Weirdness & Mutations

You have razor-sharp teeth.
Your natural rate of healing is unusually fast.
When hurt, damage is shared between your health and your magic reserves.
Your bite disrupts and absorbs the magic of your enemies.
Potions cannot restore your health.


Message History

Found a basalt altar of Yredelemnul.
There is an open door here.
Found a hide-covered altar of Uskayaw and a shimmering altar of Xom.
Found a long sword.
An orc comes into view. It is wielding a +0 dagger.
Found three altars.
The orc moves out of view.
An orc and a five-headed hydra come into view.
There are monsters nearby!
There are monsters nearby!
There are monsters nearby!
The helpless five-headed hydra fails to defend itself.
You pummel the five-headed hydra!!
The orc shouts!
You bite the five-headed hydra! You drain its power.
The five-headed hydra bites you.
The five-headed hydra barely misses you.
The five-headed hydra bites you but does no damage.
The five-headed hydra closely misses you. x2
You punch the five-headed hydra! Your bite misses the five-headed hydra.
The five-headed hydra bites you but does no damage.
The five-headed hydra bites you!
You block the five-headed hydra's attack.
The five-headed hydra bites you.
You block the five-headed hydra's attack.
The five-headed hydra bites you. x2
The five-headed hydra bites you but does no damage.
The five-headed hydra closely misses you.
The five-headed hydra bites you!
* * * LOW HITPOINT WARNING * * *
The roots erupt in riotous growth!
Roots grab the five-headed hydra.
The grasping roots constrict the five-headed hydra.
The five-headed hydra bites you!
* * * LOW HITPOINT WARNING * * *
The five-headed hydra closely misses you. x2
The five-headed hydra bites you.
* * * LOW HITPOINT WARNING * * *
The five-headed hydra barely misses you.
The grasping roots constrict the five-headed hydra.
The roots release their grip on the five-headed hydra.
Okay, then.
Okay, then.
Unknown command.
The five-headed hydra attacks as you move away!
The five-headed hydra closely misses you.
The five-headed hydra bites you.
* * * LOW HITPOINT WARNING * * *
The five-headed hydra closely misses you.
The five-headed hydra bites you!
You die...

# ##.### #.......
#..#..##
##########.##.
#8.8..8.##....##
#._..)_8#.......
#####.......#.......
###8..D......8#.......
#.'..@.o_..._.########
#.#8.........8#
#.#####.......########
#.# #._..._8##......
#.# #8.8..8.#.......
#.# ############....
#.# ##..... #.#
#...... #.# #......


You could see a five-headed hydra and an orc.

Vanquished Creatures
  An ogre (D:7)
  An orc warrior (D:6)
  3 black bears
  A phantom (D:7)
  Blork the orc (D:6)
  3 necrophages
  A jelly (D:6)
  A gnoll bouda (D:6)
  A hound (D:2)
  Jessica (D:2)
  An iguana (D:4)
  9 orc wizards
  9 gnolls
  9 adders
  A shadow imp (D:7)
  2 worms (D:2)
  9 orcs
  7 endoplasms
  A giant cockroach (D:4)
  5 goblins
  4 hobgoblins
  3 jackals (D:3)
  9 kobolds
  3 quokkas
  4 ball pythons (D:1)
  7 bats
  2 frilled lizards
  4 rats
103 creatures vanquished.

Vanquished Creatures (others)
  A fungus (D:2)
1 creature vanquished.

Grand Total: 104 creatures vanquished

Notes
Turn   | Place    | Note
-------+----------+-------------------------------------------
     0 | D:1      | vurker the Vine Stalker Enchanter began the quest for the
                  | Orb.
     0 | D:1      | Reached XP level 1. HP: 9/9 MP: 4/4
     3 | D:1      | Noticed an electric eel
     4 | D:1      | Noticed an electric eel
   335 | D:1      | Reached skill level 1 in Unarmed Combat
   470 | D:1      | Reached XP level 2. HP: 14/14 MP: 6/6
   771 | D:1      | Found an ornate altar of the Wu Jian Council.
   781 | D:1      | Reached skill level 1 in Fighting
   888 | D:1      | Reached skill level 2 in Unarmed Combat
   889 | D:1      | Reached XP level 3. HP: 3/18 MP: 1/7
  1423 | D:2      | Identified the +3 ring mail "Emauh" {rElec Str+5}
  1427 | D:2      | Identified the +0 robe of Greater Demons {Str+3 Stlth+}
  1649 | D:2      | Found a faded altar of an unknown god.
  1783 | D:2      | Gained mutation: Your natural rate of healing is unusually
                  | fast. [Vine Stalker growth]
  1783 | D:2      | Reached XP level 4. HP: 7/23 MP: 6/8
  1833 | D:2      | Found Otrutopp's Assorted Antiques.
  1891 | D:2      | Noticed Jessica
  1897 | D:2      | Killed Jessica
  1898 | D:2      | Reached skill level 3 in Unarmed Combat
  2178 | D:3      | Reached XP level 5. HP: 24/26 MP: 9/9
  2236 | D:3      | Reached skill level 4 in Unarmed Combat
  2715 | D:4      | Identified a scroll of acquirement
  2715 | D:4      | Acquired 675 gold pieces
  2726 | D:4      | Reached XP level 6. HP: 31/32 MP: 10/10
  2773 | D:4      | Acquired the amulet "Vofuxaif" {Will+ Regen+ Str+6}
  2843 | D:4      | Found a staircase to the Ecumenical Temple.
  2856 | Temple   | Entered the Ecumenical Temple
  2873 | Temple   | Became a worshipper of Makhleb the Destroyer
  3064 | D:4      | Reached skill level 1 in Armour
  3065 | D:4      | Reached skill level 1 in Shields
  3090 | D:4      | Identified the +0 leather armour "Etuheid" {Harm Slay+3}
  3468 | D:5      | Entered Level 5 of the Dungeon
  3583 | D:5      | Found a runed translucent gate.
  3583 | D:5      | Found a runed translucent gate.
  3583 | D:5      | Found a runed translucent gate.
  3646 | D:5      | Found the ring of Shadows {Umbra +Inv Stlth+}
  3696 | D:5      | Reached XP level 7. HP: 35/35 MP: 11/11
  3793 | D:5      | Found a hide-covered altar of Uskayaw.
  3807 | D:5      | Reached skill level 1 in Invocations
  3891 | D:5      | Reached skill level 5 in Unarmed Combat
  3977 | D:5      | Found a bloodstained altar of Trog.
  4225 | D:5      | Noticed t4s4d4r's ghost (novice MeTm)
  4589 | D:6      | Gained mutation: You have razor-sharp teeth. [Vine Stalker
                  | growth]
  4589 | D:6      | Reached XP level 8. HP: 39/40 MP: 10/12
  4893 | D:6      | Noticed Blork the orc
  4904 | D:6      | Killed Blork the orc
  4904 | D:6      | Reached * piety under Makhleb
  4905 | D:6      | Reached skill level 6 in Unarmed Combat
  5273 | D:7      | Found a broken altar of Ashenzari.
  5411 | D:7      | Found a basalt altar of Yredelemnul.
  5413 | D:7      | Found a hide-covered altar of Uskayaw.
  5413 | D:7      | Found a shimmering altar of Xom.
  5415 | D:7      | Found a shimmering altar of Xom.
  5415 | D:7      | Found a glowing golden altar of the Shining One.
  5415 | D:7      | Found a broken altar of Ashenzari.
  5416 | D:7      | Noticed a five-headed hydra
  5425 | D:7      | Slain by a five-headed hydra

Illustrated notes

Levels and vault maps discovered:
D:1:      arrival_aquarium_b, layout_loops_ring, kennysheep_crisscross,
          minmay_hexomino_r4
D:2:      layout_rooms, dreamdust_ecumenical_altar_grove, serial_shops,
          nicolae_shop_hallway_plus, uniq_jessica
D:3:      layout_rooms, guppyfry_early_lair_pool
D:4:      layout_loops_cross, minmay_temple_entry_sparse_star, grunt_tough_drop
D:5:      layout_loops_ring, trog_ov_bears_minmay, lemuel_tele_altar,
          gammafunk_ghost_icy, amethyst_killhole,
          minmay_a_box_with_orc_wizards_in_it
D:6:      layout_basic, minmay_misc_feat_tiny, minmay_manual_maat,
          uniq_blork_the_orc
D:7:      layout_rooms, doesnt_xom_only_xom, nicolae_ashenzari_skybound,
          minivault_27
Temple:   minmay_freezing_vapour_temple

Skill      XL: |  1  2  3  4  5  6  7  8 |
---------------+-------------------------+-----
Unarmed Combat | 1 2 3 4 5 6 |  6.3
Fighting       | 1 2 3 |  3.8
Dodging        | 2 3 |  3.2
Armour         | 1 2 |  2.5
Shields        | 1 2 |  2.7
Invocations    | 2 |  2.9
Short Blades   | |  0.8
Stealth        | |  3.6
Spellcasting   | |  2.1
Hexes          | |  3.0

Action                   |  1- 3 |  4- 6 |  7- 9 || total
-------------------------+-------+-------+-------++-------
Melee: Dagger            |   105 |   106 |       ||   211
       Bite              |    34 |    45 |    48 ||   127
       Punch             |     3 |       |       ||     3
       Unarmed           |       |    77 |   129 ||   206
Evoke: Wand              |       |       |     1 ||     1
  Use: Scroll            |     4 |     7 |     5 ||    16
 Stab: Sleeping          |     6 |     3 |     8 ||    17
Armor: Robe              |    17 |       |       ||    17
       Ring mail         |    17 |    67 |    48 ||   132
Dodge: Dodged            |    65 |    87 |    83 ||   235
Block: Buckler           |       |    60 |    38 ||    98
       Kite shield       |       |       |     9 ||     9

Table legend: (Time is in decaauts)
 A = Elapsed time spent in this place.
 B = Non-inter-level travel time spent in this place.
 C = Inter-level travel time spent in this place.
 D = Time resting spent in this place.
 E = Time spent auto-exploring this place.
 F = Levels seen in this place.
 G = Mean time per level.
                   A        B        C        D        E       F      G
               +--------+--------+--------+--------+--------+-----+--------+
         Total |   5411 |   5179 |    232 |    206 |   3838 |   8 |  676.4 |
       Dungeon |   5389 |   5157 |    232 |    206 |   3827 |   7 |  769.9 |
        Temple |     22 |     22 |      0 |      0 |     11 |   1 |   22.0 |
               +--------+--------+--------+--------+--------+-----+--------+

Top non-repeatable levels by time:
     D:1: 1527 daAuts
     D:6: 876 daAuts
     D:5: 856 daAuts
     D:4: 731 daAuts
     D:2: 637 daAuts
     D:3: 539 daAuts
     D:7: 218 daAuts
  Temple: 22 daAuts
